 Dungeon Crawl Stone Soup version 0.20.1-1-g8b1a95d (webtiles) character file.

1345 Monsterracer the Chiller (level 8, -3/75 HPs)
             Began as an Ogre Ice Elementalist on Sept 18, 2017.
             Was a Follower of Okawaru.
             Slain by an orc
             ... wielding a +0 flail
              (4 damage)
             ... on level 5 of the Dungeon.
             The game lasted 00:14:23 (8476 turns).

Monsterracer the Chiller (Ogre Ice Elementalist)    Turns: 8476, Time: 00:14:24

Health: -3/75      AC:  3    Str: 13    XL:     8   Next: 62%
Magic:  0/16       EV: 10    Int: 18    God:    Okawaru [*.....]
Gold:   381        SH:  0    Dex:  9    Spells: 9/17 levels left

rFire    + . .     SeeInvis .   a - +0 quarterstaff
rCold    . . .     Gourm    .   (shield currently unavailable)
rNeg     . . .     Faith    .   k - +0 robe
rPois    .         Spirit   .   (helmet restricted)
rElec    .         Reflect  .   (no cloak)
rCorr    .         Harm     .   (gloves unavailable)
MR       .....                  (boots unavailable)
Stlth    +.........             (no amulet)
Regen    0.3/turn               n - ring of protection from fire
MPRegen  0.2/turn               (no ring)

@: very slightly contaminated
A: unfitting armour, tough skin 1
a: Heroism, Renounce Religion


You were on level 5 of the Dungeon.
You worshipped Okawaru.
Okawaru was aware of your devotion.
You were hungry.

You visited 1 branch of the dungeon, and saw 5 of its levels.
You also visited: Ossuary.

You collected 381 gold pieces.

Inventory:

Hand Weapons
 a - a +0 quarterstaff (weapon)
Armour
 k - a +0 robe (worn)
Jewellery
 n - a ring of protection from fire (left hand)
Scrolls
 e - 3 scrolls of amnesia
 f - 2 scrolls of recharging
 j - a scroll of magic mapping
 p - a scroll of remove curse
 t - a scroll of teleportation
Potions
 c - a potion of cancellation
 h - a potion of invisibility
 i - 4 potions of heal wounds
 l - 2 potions of lignification
 o - 2 potions of mutation
 q - 2 potions of curing
 r - 2 potions of brilliance
 u - 2 potions of magic {unknown}
 v - a potion of flight {unknown}
 w - a potion of haste {unknown}
 x - a potion of agility {unknown}
 z - a potion of might {unknown}
Comestibles
 b - 2 chunks of flesh
 d - a royal jelly
 g - 2 fruits
 m - 4 meat rations
 s - a bread ration


   Skills:
 + Level 3.5 Fighting
 * Level 3.1 Staves
 - Level 1.7 Dodging
 - Level 1.4 Stealth
 - Level 5.3 Spellcasting
   Level 0.8 Conjurations
 - Level 1.5 Charms
 - Level 2.6 Summonings
 + Level 6.9 Ice Magic
 + Level 1.3 Invocations


You had 9 spell levels left.
You knew the following spells:

 Your Spells              Type           Power        Failure   Level  Hunger
a - Freeze                Ice            ####         1%          1    None
c - Ozocubu's Armour      Chrm/Ice       ###.....     7%          3    ##.....
d - Summon Ice Beast      Ice/Summ       ###.....     19%         4    ####...


Dungeon Overview and Level Annotations

Branches:
Dungeon (5/15)
 Temple: D:4-7

Altars:
Fedhas
Okawaru
Qazlal

Annotations:
D:5 1 runed door


Innate Abilities, Weirdness & Mutations

You are too large for most types of armour.
You have tough skin. (AC +1)


Message History

* * * LOW MAGIC WARNING * * *
The orc hits you with a flail!
* * * LOW HITPOINT WARNING * * *
The shadow imp misses you.
The orc wizard mumbles some strange words.
The orc wizard flickers and vanishes!
Deactivating autopickup; reactivate with Ctrl-A.
Huge Dmg: -12%(-9hp) hp: 2%(1hp)
Casting: Freeze
Confirm with . or Enter, or press ? or * to list all spells.
Aiming: Freeze
Press: ? - help, Shift-Dir - straight line, f/p - shadow imp
Aim: a shadow imp (almost dead)
You freeze the shadow imp.
The shadow imp resists.
You kill the shadow imp!
Okawaru accepts your kill.
* * * LOW MAGIC WARNING * * *
Your icy armour evaporates.
The orc hits you with a flail.
You die...

#.....############.############.#
###..## #.....>######..#
#..###### ######....##..##
#........ ####....... #.........
######..#### #..........###
#..<...## ##.............###
##.###### ##......... #..o###..#
#>..#.##### #.@.)†.(## ..#.#.#
#.##{##....... .## ###.#.# #..
#...####### ... #>#.# #... ......
### #.#. .............. #... #.
###............ #.. #.
#............ .[.#
.####............ #.#.# ..#...


You could see an orc.

Vanquished Creatures
  Edmund (D:4)
  5 scorpions
  A water moccasin skeleton (D:5)
  A centaur zombie (Ossuary)
  A crimson imp (D:5)
  An orc priest (D:5)
  A centaur skeleton (D:4)
  2 hounds (D:4)
  8 worker ants
  A big kobold zombie (Ossuary)
  3 hound zombies (Ossuary)
  A hound skeleton (D:4)
  3 mummies (Ossuary)
  A howler monkey zombie (D:5)
  11 adders
  A shadow imp (D:5)
  5 adder zombies (Ossuary)
  2 adder skeletons (D:4)
  2 worms
  A dart slug (D:4)
  9 leopard geckos
  15 orcs
  A ball python (D:5)
  5 goblins
  6 hobgoblins
  4 jackals (D:5)
  8 kobolds
  A quokka (D:2)
  6 bats
  5 frilled lizards
  A gnoll zombie (Ossuary)
  2 goblin zombies (Ossuary)
  2 hobgoblin zombies (Ossuary)
  5 jackal zombies (Ossuary)
  7 kobold zombies (Ossuary)
  A leopard gecko skeleton (D:4)
  A leopard gecko zombie (D:5)
  2 orc zombies (Ossuary)
  A quokka zombie (Ossuary)
  5 rats
  3 rat zombies (Ossuary)
142 creatures vanquished.

Vanquished Creatures (collateral kills)
  2 elf zombies (Ossuary)
  A killer bee (D:5)
  A scorpion (D:5)
  2 worker ants (D:5)
  3 giant cockroaches (D:5)
  A butterfly (D:5)
10 creatures vanquished.

Grand Total: 152 creatures vanquished

Notes
Turn   | Place    | Note
-------+----------+-------------------------------------------
     0 | D:1      | Monsterracer the Ogre Ice Elementalist began the quest for the Orb.
     0 | D:1      | Reached XP level 1. HP: 16/16 MP: 3/3
   556 | D:1      | Reached skill level 3 in Ice Magic
   556 | D:1      | Reached XP level 2. HP: 24/24 MP: 3/5
   560 | D:1      | Learned a level 2 spell: Throw Frost
  1334 | D:2      | Reached XP level 3. HP: 29/31 MP: 0/7
  1339 | D:2      | Learned a level 3 spell: Ozocubu's Armour
  1984 | D:2      | Reached XP level 4. HP: 34/39 MP: 2/8
  2130 | D:2      | Reached skill level 4 in Ice Magic
  2800 | D:3      | Found a blossoming altar of Fedhas.
  3379 | D:3      | Learned a level 4 spell: Summon Ice Beast
  3471 | D:3      | Reached XP level 5. HP: 34/45 MP: 10/10
  3683 | D:3      | Found an iron altar of Okawaru.
  3886 | D:4      | Found a sand-covered staircase.
  3943 | Ossuary  | Entered an ossuary
  4056 | Ossuary  | Reached skill level 1 in Summonings
  4087 | Ossuary  | HP: 18/45 [elf zombie (7)]
  4091 | Ossuary  | Reached skill level 5 in Ice Magic
  4091 | Ossuary  | Reached XP level 6. HP: 20/53 MP: 2/12
  4608 | Ossuary  | HP: 25/53 [mummy (14)]
  4959 | Ossuary  | HP: 19/53 [mummy (9)]
  5225 | Ossuary  | HP: 21/53 [mummy (14)]
  5227 | Ossuary  | HP: 3/53 [mummy (18)]
  5228 | Ossuary  | Reached XP level 7. HP: 3/59 MP: 9/13
  5616 | D:4      | Found a stormy altar of Qazlal.
  5618 | D:4      | Noticed a fire elemental
  5619 | D:4      | Noticed a water elemental
  5619 | D:4      | Noticed an air elemental
  5952 | D:4      | HP: 30/61 [poisoned by an adder]
  5958 | D:4      | HP: 29/61 [poisoned by an adder]
  5966 | D:4      | HP: 29/61 [poisoned by an adder]
  6241 | D:3      | Became a worshipper of Warmaster Okawaru
  6322 | D:4      | Reached skill level 1 in Fighting
  6670 | D:4      | Noticed Edmund
  6682 | D:4      | Killed Edmund
  6682 | D:4      | Reached skill level 1 in Staves
  6682 | D:4      | Reached skill level 5 in Spellcasting
  6682 | D:4      | Reached skill level 6 in Ice Magic
  7408 | D:5      | Entered Level 5 of the Dungeon
  7459 | D:5      | Found a runed door.
  7511 | D:5      | Found a runed door.
  7529 | D:5      | Reached XP level 8. HP: 47/74 MP: 1/15
  7529 | D:5      | Reached * piety under Okawaru
  7530 | D:5      | HP: 36/74 [worker ant (6)]
  7535 | D:5      | HP: 28/74 [poisoned by a scorpion]
  7540 | D:5      | HP: 20/74 [poisoned by a scorpion]
  7546 | D:5      | HP: 17/74 [poisoned by a scorpion]
  7551 | D:5      | HP: 15/74 [poisoned by a scorpion]
  7553 | D:5      | HP: 4/74 [scorpion (6)]
  7560 | D:5      | HP: 4/74 [poisoned by a scorpion]
  7568 | D:5      | HP: 4/74 [poisoned by a scorpion]
  7575 | D:5      | HP: 1/74 [scorpion (4)]
  7578 | D:5      | Reached skill level 1 in Charms
  7580 | D:5      | HP: 7/74 [poisoned by a scorpion]
  8451 | D:5      | Reached skill level 1 in Invocations
  8454 | D:5      | HP: 28/75 [shadow imp/nerve-wracking pain (11)]
  8459 | D:5      | HP: 12/75 [shadow imp/nerve-wracking pain (14)]
  8465 | D:5      | HP: 12/75 [shadow imp (1)]
  8472 | D:5      | HP: 10/75 [shadow imp (1)]
  8475 | D:5      | HP: 1/75 [orc/flail (10)]
  8476 | D:5      | Slain by an orc

Skill      XL: |  1  2  3  4  5  6  7  8 |
---------------+-------------------------+-----
Ice Magic      | 3 4 5 6 |  6.9
Spellcasting   | 3 4 5 |  5.3
Summonings     | 1 2 |  2.6
Fighting       | 2 3 |  3.5
Staves         | 1 3 |  3.1
Charms         | 1 |  1.5
Invocations    | 1 |  1.3
Dodging        | |  1.7
Stealth        | |  1.4
Conjurations   | |  0.8

Action                   |  1- 3 |  4- 6 |  7- 9 || total
-------------------------+-------+-------+-------++-------
Melee: Unarmed           |    10 |       |       ||    10
       Quarterstaff      |    14 |   198 |   179 ||   391
       Dagger            |       |    60 |       ||    60
 Cast: Freeze            |    37 |    31 |    69 ||   137
       Throw Frost       |     2 |     7 |       ||     9
       Ozocubu's Armour  |       |     8 |     3 ||    11
       Summon Ice Beast  |       |     2 |     1 ||     3
  Use: Scroll            |       |       |    16 ||    16
       Potion            |       |       |     2 ||     2
 Stab: Distracted        |       |     2 |     1 ||     3
       Sleeping          |       |       |     2 ||     2
  Eat: Chunk             |     3 |     6 |     8 ||    17
       Fruit             |       |     5 |       ||     5
       Bread ration      |       |     1 |       ||     1
Armor: Robe              |     7 |    95 |    53 ||   155
Dodge: Dodged            |    26 |   171 |   149 ||   346
